 Dungeon Crawl Stone Soup version 0.31.0-32-g396128a36d (webtiles) character file.

Game seed: 10937118323454080293

15253 Peloso the Carver (level 11, 0/99 HPs)
             Began as a Minotaur Fighter on Mar 28, 2024.
             Was a High Priest of Okawaru.
             Incinerated by a smoke demon (6 damage)
             ... with a pyre arrow
             ... on level 11 of the Dungeon.
             The game lasted 00:42:58 (13724 turns).

Peloso the Carver (Minotaur Fighter)               Turns: 13724, Time: 00:42:59

Health: 0/99       AC: 22    Str: 22    XL:     11   Next: 99%
Magic:  10/10      EV:  7    Int:  5    God:    Okawaru [*****.]
Gold:   537        SH: 13    Dex: 13    Spells: 10/10 levels left

rFire   . . .        a - +1 long sword
rCold   . . .        d - +2 kite shield
rNeg    + . .        c - +0 plate armour
rPois   .            (helmet restricted)
rElec   .            H - +0 cloak
rCorr   .            (no gloves)
SInv    .            x - +0 pair of boots
Will    .....        (no amulet) Stlth
                     m - ring of positive energy
HPRegen 0.36/turn    t - +4 ring of protection
MPRegen 0.12/turn

%: no passive effects
@: on fire, glowing
A: horns 2, retaliatory headbutt
a: Renounce Religion, Heroism, Finesse, Duel


You were on level 11 of the Dungeon.
You worshipped Okawaru.
Okawaru was extremely pleased with you.
You visited 2 branches of the dungeon, and saw 14 of its levels.
You also visited: Ossuary.

You collected 537 gold pieces.

Inventory:

Hand Weapons
 a - a +1 long sword (weapon)
 b - a +1 dagger of flaming
Missiles
 I - a throwing net (quivered)
Armour
 c - a +0 plate armour (worn)
 d - a +2 kite shield (worn)
 l - a +0 cloak of poison resistance
 x - a +0 pair of boots (worn)
 H - a +0 cloak (worn)
Jewellery
 m - a ring of positive energy (left hand)
 t - a +4 ring of protection (right hand)
 F - a ring of see invisible
 L - a ring of poison resistance
Talismans
 K - a maw talisman
Wands
 j - a wand of polymorph (13)
 n - a wand of flame (8)
 r - a wand of iceblast (23)
 A - a wand of paralysis (10)
Scrolls
 f - a scroll of enchant weapon
 h - 2 scrolls of immolation
 i - a scroll of revelation
 k - a scroll of poison
 p - 6 scrolls of teleportation
 q - a scroll of blinking
 s - 2 scrolls of fear
 v - 2 scrolls of amnesia
 w - 5 scrolls of enchant armour
 y - a scroll of silence
 G - a scroll of identify
 M - a scroll of vulnerability
Potions
 e - 2 potions of invisibility
 g - 4 potions of curing
 o - 2 potions of mutation
 z - a potion of enlightenment
 B - 2 potions of brilliance
 C - a potion of magic
 D - a potion of ambrosia {unknown}
 E - a potion of haste {unknown}
 J - a potion of attraction {unknown}


   Skills:
 + Level 10.1 Fighting
 + Level 14.0 Long Blades
 + Level 12.4 Armour
 + Level 3.6 Dodging
 + Level 1.4 Stealth
 + Level 10.3 Shields
 + Level 0.6 Invocations
 + Level 2.0 Evocations


You had 10 spell levels left.
You didn't know any spells.
Your spell library contained the following spells:

 Spells                   Type           Power      Damage    Failure   Level
 Ensorcelled Hibernation  Hex/Ice        0%         N/A       100%        2
 Dazzling Flash           Conj/Hex       0%         N/A       100%        3
 Fugue of the Fallen      Necr           0%         N/A       100%        3
 Inner Flame              Hex/Fire       0%         N/A       100%        3
 Ozocubu's Armour         Ice            0%         N/A       100%        3
 Passwall                 Erth           0%         N/A       100%        3
 Swiftness                Air            0%         N/A       100%        3
 Volatile Blastmotes      Fire/Tloc      0%         2d10      100%        3
 Manifold Assault         Tloc           0%         N/A       100%        4
 Starburst                Conj/Fire      0%         6d3       100%        6
 Maxwell's Capacitive Co  Air            0%         ∞         100%        8
 Fire Storm               Conj/Fire      0%         5d1       100%        9
 Summon Small Mammal      Summ           Unusable   N/A       N/A         1
 Call Canine Familiar     Summ           Unusable   N/A       N/A         3
 Summon Blazeheart Golem  Fire/Summ      Unusable   N/A       N/A         4

Dungeon Overview and Level Annotations

Branches:
Dungeon (13/15)            Temple (1/1) D:5            Lair (0/5) D:8
Ossuary (visited)
    Orc: D:9-12      Vaults: D:13-14

Altars:
Ashenzari
Cheibriados
Dithmenos
Elyvilon
Fedhas
Gozag
Hepliaklqana
Kikubaaqudgha
Makhleb
Nemelex Xobeh
Okawaru
Qazlal
Ru
Sif Muna
Trog
Uskayaw
Vehumet
Wu Jian
Xom
Yredelemnul
Zin
The Shining One

Shops:
D:1 :   D:11 (

Annotations:
D:4 3 runed translucent doors, spiderpigspy's ghost, amateur SpBr
D:13 Urug


Innate Abilities, Weirdness & Mutations

You have a pair of horns on your head.
You reflexively headbutt those who attack you in melee.


Message History

The liquid fire burns you!
* * * LOW HITPOINT WARNING * * *
The ufetubus hits you.
* * * LOW HITPOINT WARNING * * *
You block the ufetubus's attack.
The iron imp hits you but does no damage.
You block the shadow imp's attack.
You block the kobold demonologist's attack.
The smoke demon hits you but does no damage.
The smoke demon barely misses you.
The smoke demon hits you but does no damage.
You slash the kobold demonologist!
Your headbutt misses the kobold demonologist.
The kobold demonologist is severely wounded.
The liquid fire burns you!
* * * LOW HITPOINT WARNING * * *
The ufetubus barely misses you.
The ufetubus hits you but does no damage.
The shadow imp shouts, "Bolt, thou canting fob-snatching mooer!"
You block the shadow imp's attack. The iron imp closely misses you.
You feel much better. The liquid fire burns you!
* * * LOW HITPOINT WARNING * * *
You block the ufetubus's attack. x2
The kobold demonologist hits you but does no damage.
The smoke demon hits you but does no damage.
You block the smoke demon's attack.
The smoke demon hits you but does no damage.
The ufetubus hits you but does no damage. x2
The soul eater hits you but does no damage.
The shadow imp disappears for a moment.
The shadow imp hits you.
* * * LOW HITPOINT WARNING * * *
The iron imp barely misses you. You furiously retaliate!
You headbutt the iron imp.
You barely miss the kobold demonologist.
You headbutt the kobold demonologist.
The kobold demonologist is severely wounded.
The liquid fire burns you!
You die...

########### #.........# ######
#.........######### ##....#
#<........#.......# #.....####
#..^......#...<5)3#####.>.##...##
#.........#....3@K..(...###....†#
#.........#...()55###............
#.<..........................∩...
#.........##.....##..............
.....####....#......#.....#....)#
..........................##...##
................##...#########...
.....###....#.........# ##..
.†.....†..........###.# #.K


You could see a soul eater (summoned), a kobold demonologist, a smoke demon
(summoned), an iron imp (summoned), a shadow imp (summoned) and an ufetubus
(summoned).

Vanquished Creatures
  3 two-headed ogres
  A centaur warrior (D:13)
  A deep elf pyromancer (D:12)
  Maurice (D:11)
  4 ugly things
  A cyclops (D:11)
  Joseph (D:8)
  A kobold demonologist (D:11)
  Psyche (D:7)
  3 trolls
  A hornet (D:8)
  3 slime creatures (D:13)
  6 yaks (D:9)
  3 wyverns
  3 wraiths
  A fire bat (D:10)
  4 humans (D:13)
  A steam dragon (D:7)
  4 vampire mosquitoes (D:11)
  3 acid dragons
  A water moccasin (D:7)
  3 black bears
  An ice beast (D:7)
  A sky beast (D:6)
  5 orc warriors
  4 ogres
  5 centaurs
  A weeping skull (Ossuary)
  A phantom (D:6)
  A bullfrog (D:7)
  A kobold brigand (D:7)
  2 gnoll sergeants
  3 scorpions
  5 wights (D:8)
  A water moccasin zombie (Ossuary)
  13 killer bees
  3 electric eels
  2 howler monkeys (D:11)
  3 bombardier beetles
  2 bullfrog zombies (Ossuary)
  2 centaur zombies (Ossuary)
  A hound (D:5)
  2 jellies
  Crazy Yiuf (D:7)
  6 orc priests
  3 scorpion zombies (Ossuary)
  6 iguanas
  10 orc wizards
  A sleepcap (D:8)
  2 ogre zombies (Ossuary)
  10 gnolls
  8 adders
  2 white imps
  2 ufetubi (D:4)
  2 adder zombies (Ossuary)
  2 ribbon worms (D:2)
  4 dart slugs
  23 orcs
  5 bats
  4 endoplasms
  3 giant cockroaches
  3 gnoll zombies (Ossuary)
  4 goblins
  3 hobgoblins
  2 quokkas
  6 ball pythons
  3 frilled lizards
  3 goblin zombies (Ossuary)
  2 hobgoblin zombies (Ossuary)
  9 kobolds
  4 orc zombies (Ossuary)
  7 rats
249 creatures vanquished.

Notes
Turn   | Place    | Note
-------+----------+-------------------------------------------
     0 | D:1      | Peloso the Minotaur Fighter began the quest for the Orb.
     0 | D:1      | Reached XP level 1. HP: 19/19 MP: 0/0
   155 | D:1      | Reached XP level 2. HP: 26/27 MP: 1/1
   413 | D:1      | Found Sili's Book Shoppe.
   834 | D:2      | Reached skill level 3 in Long Blades
   834 | D:2      | Reached XP level 3. HP: 33/33 MP: 2/2
  1654 | D:3      | Reached XP level 4. HP: 40/40 MP: 3/3
  1814 | D:3      | Found a faded altar of an unknown god.
  1962 | D:4      | Noticed a scorpion
  1972 | D:4      | Killed a scorpion
  1973 | D:4      | Reached skill level 4 in Long Blades
  1973 | D:4      | Reached XP level 5. HP: 34/46 MP: 4/4
  2213 | D:4      | Noticed an ogre
  2222 | D:4      | Killed an ogre
  2223 | D:4      | Reached skill level 5 in Long Blades
  2223 | D:4      | Reached skill level 5 in Armour
  2596 | D:4      | Noticed spiderpigspy's ghost (amateur SpBr)
  2621 | D:4      | Found a runed translucent gate.
  2622 | D:4      | Found a runed translucent gate.
  2623 | D:4      | Found a runed translucent gate.
  2880 | D:4      | Reached XP level 6. HP: 43/53 MP: 5/5
  3429 | D:5      | Entered Level 5 of the Dungeon
  3439 | D:5      | Reached skill level 1 in Dodging
  3488 | D:5      | HP: 1/53 [ogre/+0 giant club (21)]
  3685 | D:5      | Reached skill level 5 in Shields
  3810 | D:5      | Reached skill level 1 in Evocations
  3810 | D:5      | Reached XP level 7. HP: 60/60 MP: 6/6
  3867 | D:5      | Found a staircase to the Ecumenical Temple.
  3877 | Temple   | Entered the Ecumenical Temple
  3906 | Temple   | Became a worshipper of Warmaster Okawaru
  4053 | Temple   | Reached skill level 5 in Fighting
  4053 | Temple   | Reached skill level 6 in Long Blades
  4721 | D:6      | Reached skill level 7 in Long Blades
  4723 | D:6      | Reached XP level 8. HP: 20/69 MP: 7/7
  5037 | D:6      | Reached * piety under Okawaru
  5377 | D:6      | Found a basalt altar of Yredelemnul.
  5985 | D:7      | Reached skill level 8 in Long Blades
  6163 | D:7      | Found a sand-covered staircase.
  6170 | Ossuary  | Entered an ossuary
  6457 | Ossuary  | Reached skill level 9 in Long Blades
  6468 | Ossuary  | Reached ** piety under Okawaru
  6469 | Ossuary  | Reached XP level 9. HP: 74/78 MP: 8/8
  6529 | Ossuary  | Noticed a silent spectre
  6935 | D:7      | Found a runed translucent door.
  6936 | D:7      | Noticed Crazy Yiuf
  7047 | D:7      | Reached skill level 10 in Long Blades
  7183 | D:7      | Found a shimmering blue altar of Sif Muna.
  7229 | D:7      | Killed Crazy Yiuf
  7290 | D:8      | Paralysed by a hornet for 3 turns
  7606 | D:8      | Noticed Joseph
  7725 | D:8      | Killed Joseph
  7880 | D:8      | Found a broken altar of Ashenzari.
  7902 | D:8      | Reached *** piety under Okawaru
  8082 | D:8      | Found an ancient bone altar of Kikubaaqudgha.
  8086 | D:8      | Found a white marble altar of Elyvilon.
  8086 | D:8      | Found a staircase to the Lair.
  8090 | D:8      | Found a radiant altar of Vehumet.
  8207 | D:8      | Noticed Psyche
  8346 | D:7      | Killed Psyche
  8347 | D:7      | Reached skill level 11 in Long Blades
  8366 | D:8      | Identified the +1 flail "Vuoj" {pain, +Blink rC+}
  8409 | D:8      | Reached skill level 10 in Armour
  8654 | D:8      | Reached XP level 10. HP: 50/85 MP: 9/9
  8908 | D:9      | Identified the +1 leather armour of the Accordion {Int+4
                  | Dex-3}
  9214 | D:9      | Reached **** piety under Okawaru
  9726 | D:9      | Reached skill level 12 in Long Blades
 10131 | D:10     | Entered Level 10 of the Dungeon
 10140 | D:10     | You fall into a shaft and drop 3 floors!
 10181 | D:13     | Noticed a green ugly thing
 10203 | D:13     | Killed a green ugly thing
 10203 | D:13     | Reached ***** piety under Okawaru
 10354 | D:13     | Noticed Urug
 10356 | D:13     | Noticed a two-headed ogre
 10409 | D:13     | Killed a two-headed ogre
 10461 | D:13     | Noticed a purple ugly thing
 10479 | D:13     | Killed a purple ugly thing
 10480 | D:13     | Reached XP level 11. HP: 67/97 MP: 10/10
 10671 | D:13     | Received a gift from Okawaru
 10764 | D:13     | Noticed a green ugly thing
 10776 | D:13     | Killed a green ugly thing
 10811 | D:13     | Noticed a two-headed ogre
 10830 | D:13     | Killed a two-headed ogre
 10839 | D:13     | Reached skill level 13 in Long Blades
 10874 | D:13     | Noticed a centaur warrior
 10975 | D:13     | Killed a centaur warrior
 11141 | D:13     | Identified the +2 hand axe of Vunuquo {freeze, *Noise rElec
                  | rPois rN+ Str+6}
 11198 | D:13     | Noticed a centaur warrior
 11398 | D:12     | Noticed a deep elf pyromancer
 11420 | D:12     | Killed a deep elf pyromancer
 11572 | D:12     | Noticed a two-headed ogre
 11582 | D:12     | Killed a two-headed ogre
 12202 | D:11     | Found Ycuuskio's Weapon Emporium.
 12203 | D:11     | Noticed Maurice
 12206 | D:11     | Paralysed by Maurice for 5 turns
 12228 | D:11     | Paralysed by Maurice for 4 turns
 12234 | D:11     | Something stole a +1 dagger of flaming
 12235 | D:11     | Something stole a ring of see invisible
 12236 | D:11     | Something stole 448 gold
 12249 | D:11     | Reached skill level 10 in Fighting
 12254 | D:11     | Something stole a throwing net
 12255 | D:11     | Paralysed by something for 2 turns
 12274 | D:11     | Killed Maurice
 12274 | D:11     | Received a gift from Okawaru
 12358 | D:11     | Reached skill level 10 in Shields
 12679 | D:10     | Identified the +4 rapier "Ruosid" {drain, rElec rC+}
 12770 | D:10     | Got the Folio of Rocky Combustion
 13455 | D:11     | Noticed a white ugly thing
 13467 | D:11     | Killed a white ugly thing
 13486 | D:11     | Reached skill level 1 in Stealth
 13718 | D:11     | Reached skill level 14 in Long Blades
 13720 | D:11     | Noticed a soul eater
 13724 | D:11     | Incinerated by a smoke demon

Illustrated notes

Levels and vault maps discovered:
D:1:      minmay_arrival_wavy_path, layout_basic, serial_shops, shop
D:2:      layout_rooms
D:3:      layout_basic, hellmonk_ecumenical_altar_blasted
D:4:      layout_layer_cave, gammafunk_ghost_split, amethyst_killhole
D:5:      layout_loops_cross, minmay_temple_entry_butterflies
D:6:      layout_basic, mainiacjoe_overflow_surrounded_room, st_stairs_13
D:7:      layout_loops_ring, lemuel_doored_altar, nicolae_ossuary_entry_ruins,
          uniq_crazy_yiuf_cottage
D:8:      layout_cave_pools, grunt_temple_overflow_open, lair_entry_dummy,
          nicolae_houndstooth_variations, uniq_joseph, uniq_psyche
D:9:      layout_loops_ring, serial_aquarium, aquarium_bridge_square
          [aquarium_subvault_bridge, aquarium_subvault_window,
          aquarium_subvault_window, aquarium_subvault_bridge],
          aquarium_bridge_square [aquarium_subvault_window,
          aquarium_subvault_bridge, aquarium_subvault_wall,
          aquarium_subvault_bridge], aquarium_window_fake, aquarium_window_fake,
          aquarium_view_2a, roderic_lattice_a
D:10:     layout_grid_maze, grunt_ogre_cave, st_stairs_7,
          kennysheep_big_empty_room
D:11:     kennysheep_kobold_lugonu_temple, layout_rooms, serial_shops,
          nicolae_shop_bloodbath_and_beyond, nicolae_water_bricks,
          chequers_serial_rivers_micro_e, uniq_nergalle, uniq_maurice
D:12:     layout_basic, minivault_8
D:13:     layout_basic, david_vaults_3, uniq_urug
Temple:   nicolae_temple_elliptical

Skill      XL: |  1  2  3  4  5  6  7  8  9 10 11 |
---------------+----------------------------------+-----
Shields        | 4 5 6 8 10 | 10.3
Long Blades    | 3 4 5 7 9 11 12 14 | 14.0
Armour         | 4 5 6 8 10 11 12 | 12.4
Fighting       | 4 5 6 7 9 10 | 10.1
Dodging        | 1 2 3 |  3.6
Evocations     | 1 2 |  2.0
Stealth        | 1 |  1.4
Invocations    | |  0.6

Action                     |  1- 3 |  4- 6 |  7- 9 | 10-12 || total
---------------------------+-------+-------+-------+-------++-------
  Melee: Long sword        |    92 |   104 |   343 |   568 ||  1107
         Headbutt          |    10 |    15 |    85 |   148 ||   258
 Invoke: Heroism           |       |       |     2 |     3 ||     5
  Evoke: Wand              |       |     5 |     8 |    11 ||    24
    Use: Scroll            |     4 |     2 |    10 |     6 ||    22
         Potion            |     2 |       |     1 |     5 ||     8
 Armour: Scale mail        |    22 |       |       |       ||    22
         Plate armour      |    43 |   117 |   370 |   514 ||  1044
         Skin              |       |       |     3 |       ||     3
  Dodge: Dodged            |    37 |    47 |   140 |   137 ||   361
  Block: Buckler           |    17 |    45 |    88 |     4 ||   154
         Kite shield       |       |       |       |   405 ||   405
